 Dungeon Crawl Stone Soup version 0.26-b1-32-g5d43845318 (webtiles) character file.

Game seed: 12043355693523406331

231 Borgoz the Cudgeller (level 6, -2/52 HPs)
             Began as a Ghoul Gladiator on Jan 13, 2021.
             Slain by a bullfrog (3 damage)
             ... in a sewer.
             The game lasted 00:04:00 (3001 turns).

Borgoz the Cudgeller (Ghoul Gladiator)              Turns: 3001, Time: 00:04:01

Health: -2/52      AC:  5    Str: 19    XL:     6   Next: 3%
Magic:  5/5        EV: 12    Int:  3    God:
Gold:   89         SH:  3    Dex: 11    Spells: 5/5 levels left

rFire    . . .     SeeInvis .   a - +0 flail
rCold    + . .     Faith    .   j - +0 buckler
rNeg     + + +     Spirit   .   b - +0 leather armour
rPois    ∞         Reflect  .   c - +0 helmet
rElec    .         Harm     .   f - +0 cloak (curse)
rCorr    .         Rampage  .   (no gloves)
Will     .....                  (no boots)
Stlth    +.........             (no amulet)
HPRegen  0.00/turn              (no ring)
MPRegen  0.09/turn              (no ring)

@: brilliant, very slow
A: claws 1, cold resistance 1, negative energy resistance 3, inhibited
regeneration, torment resistance, unbreathing
a: no special abilities


You were in a sewer.
You visited 1 branch of the dungeon, and saw 3 of its levels.
You also visited: Sewer.

You collected 89 gold pieces.

Inventory:

Hand Weapons
 a - a +0 flail (weapon)
Armour
 b - a +0 leather armour (worn)
 c - a +0 helmet (worn)
 f - a cursed +0 cloak (worn)
 j - a +0 buckler (worn)
Scrolls
 e - a scroll of enchant weapon {unknown}
 i - a scroll of blinking
 k - a scroll of immolation {unknown}
Potions
 g - a potion of mutation {unknown}
 h - a potion of brilliance


   Skills:
 + Level 3.7 Fighting
 + Level 3.8 Maces & Flails
 - Level 1.7 Throwing
 + Level 2.3 Armour
 + Level 3.7 Dodging


You had 5 spell levels left.
You didn't know any spells.
Your spell library was empty.

Dungeon Overview and Level Annotations

Branches:
Dungeon (3/15)              Sewer (1/1)

Altars:


Innate Abilities, Weirdness & Mutations

You thrive by killing the living.
You are immune to poison.
You have sharp fingernails.
Your flesh is cold resistant. (rC+)
You are immune to negative energy. (rN+++)
You do not regenerate when monsters are visible.
You are immune to unholy pain and torment.
You can survive without breathing.


Message History

The bullfrog struggles against the net.
You barely miss the bullfrog.
The bullfrog is severely wounded.
The bullfrog struggles against the net.
The giant cockroach bites you but does no damage.
The bullfrog struggles against the net. x2
The net rips apart, and the bullfrog comes free!
The giant cockroach bites you but does no damage.
The bullfrog barely misses you.
You hit the bullfrog.
The bullfrog is almost dead.
The giant cockroach splashes around in the water.
The bullfrog closely misses you.
You barely miss the bullfrog.
The bullfrog is almost dead.
The bullfrog hits you.
* * * LOW HITPOINT WARNING * * *
The giant cockroach splashes around in the water.
The bullfrog hits you.
You die...

#.# ≈≈...≈.≈≈≈≈≈≈.# #.#
≈≈≈..≈.≈≈≈≈≈≈≈.# ### #.#
≈≈≈.?≈≈≈≈≈≈≈≈≈.# #.# #.#
≈≈.!$?.≈≈≈≈≈≈≈.# #∩# #.#
≈≈..[≈≈≈≈≈≈≈≈≈.# #.# #.#
≈≈≈≈.≈≈≈≈≈.≈≈≈.# #∩# #.#
≈≈≈≈≈≈≈≈≈≈.≈≈≈.# #.# #.#
≈≈≈≈≈≈≈≈B≈.≈≈≈.# #.# #.#
≈≈≈≈≈≈F@≈≈.≈≈≈.###.## #.#
≈≈≈≈≈≈≈≈≈#.≈≈†.##.†.# #.#
#≈≈≈≈≈≈≈≈#.≈≈≈.##≈≈≈# #.#
##≈≈≈≈≈###.≈≈≈.##≈≈.# #.#
###### #.≈≈≈.##†≈.# #.#
#.≈≈≈≈##≈≈≈# #.# #≈≈≈≈≈##≈≈≈#
#.################≈≈≈≈.##≈≈≈##
#†....≈..≈≈≈.≈..≈≈≈≈≈≈..≈≈≈..#


You could see a bullfrog and a giant cockroach.

Vanquished Creatures
  An orc priest (D:3)
  Terence (D:2)
  An orc wizard (D:3)
  A gnoll (D:1)
  2 river rats (D:3)
  3 oozes (D:3)
  5 worms
  3 dart slugs
  4 leopard geckos
  3 orcs (D:3)
  3 ball pythons
  7 bats
  9 giant cockroaches
  8 goblins
  7 hobgoblins
  5 jackals (D:2)
  A quokka (D:3)
  11 frilled lizards
  3 kobolds
  11 rats
89 creatures vanquished.

Notes
Turn   | Place    | Note
-------+----------+-------------------------------------------
     0 | D:1      | Borgoz the Ghoul Gladiator began the quest for the Orb.
     0 | D:1      | Reached XP level 1. HP: 17/17 MP: 0/0
    33 | D:1      | Reached XP level 2. HP: 23/25 MP: 1/1
   320 | D:1      | Reached XP level 3. HP: 30/30 MP: 2/2
   348 | D:1      | Reached skill level 1 in Armour
  1154 | D:2      | Found a faded altar of an unknown god.
  1460 | D:2      | Reached XP level 4. HP: 37/37 MP: 3/3
  1642 | D:2      | Noticed Terence
  1664 | D:2      | Killed Terence
  2339 | D:3      | Reached XP level 5. HP: 41/45 MP: 4/4
  2609 | D:3      | Found a glowing drain.
  2747 | Sewer    | Entered a sewer
  2907 | Sewer    | Reached XP level 6. HP: 46/52 MP: 5/5
  2996 | Sewer    | HP: 2/52 [bullfrog (2)]
  3001 | Sewer    | HP: 1/52 [bullfrog (1)]
  3001 | Sewer    | Slain by a bullfrog

Illustrated notes

Levels and vault maps discovered:
D:1:      sevenhm_arrival_forest_fort_small_4, layout_basic, minmay_pentomino_r2
D:2:      layout_loops_ring, chequers_ecumenical_altar_simple_redux,
          uniq_terence
D:3:      layout_basic, portal_sewer_entry_a
Sewer:    sewer_frog_island_01

Skill      XL: |  1  2  3  4  5 |
---------------+----------------+-----
Maces & Flails | 3 |  3.8
Armour         | 1 2 |  2.3
Dodging        | 3 |  3.7
Fighting       | 3 |  3.7
Throwing       | |  1.7

Action                   |  1- 3 |  4- 6 || total
-------------------------+-------+-------++-------
Melee: Flail             |   126 |   197 ||   323
Throw: Throwing net      |     1 |     3 ||     4
  Use: Scroll            |       |     5 ||     5
       Potion            |       |     3 ||     3
 Stab: Invisible         |       |     1 ||     1
       Held in net/web   |       |     1 ||     1
Armor: Leather armour    |    57 |    85 ||   142
Dodge: Dodged            |   105 |   139 ||   244
Block: Buckler           |       |    19 ||    19
